Map: 베를린그라드 - 래더

Players

Classic - Winner!

  • Race: Protoss Protoss
  • League: Master

Dream

  • Race: Terran Terran
  • League: Master

VOD

Have the link to the VOD?

Description

Time

  • Played on: Oct. 21, 2021, 10:51 a.m.
  • Length: 5:10
Show
View Real Time Build Order
Export as new Build Order

Classic Protoss - Winner!

Build Orders: Phoenix Opening 

Get SALT Encoding   

  12  0:00  Probe  
  13  0:12  Probe  
  14  0:17  Pylon  
  14  0:24  Probe  
  15  0:36  Gateway  
  15  0:37  Probe (Chrono Boost)  
  16  0:48  Probe (Chrono Boost)  
  17  0:52  Pylon  
  17  0:53  Probe (Chrono Boost)  
  18  0:59  Assimilator  
  18  1:04  Probe  
  19  1:11  Gateway  
  19  1:16  Probe  
  20  1:24  Cybernetics Core  
  20  1:28  Probe  
  21  1:32  Assimilator  
  21  1:40  Probe  
  22  1:52  Probe  
  23  1:59  Stalker (Chrono Boost)  
  23  2:04  Probe  
  23  2:06  Warp Gate  
  28  2:08  Adept (Chrono Boost), Pylon  
  28  2:21  Stalker  
  30  2:40  Nexus  
  30  2:48  Stalker  
  32  2:59  Stargate  
  32  3:04  Probe  
  33  3:11  Stalker  
  34  3:21  Probe  
  35  3:33  Probe  
  35  3:39  Pylon  
  35  3:45  Probe, Phoenix (Chrono Boost)  
  38  3:55  Probe  
  39  3:57  Probe  
  39  4:01  Phoenix (Chrono Boost)  
  40  4:09  Stalker  
  44  4:10  Stalker  
  44  4:12  Probe  
  44  4:15  Probe  
  48  4:24  Phoenix (Chrono Boost)  
  49  4:32  Probe x2  
  49  4:36  Zealot  
  53  4:39  Stalker  
  56  4:59  Stalker  
  56  5:03  Stalker  
Show
View Real Time Build Order
Export as new Build Order

Dream Terran 

Build Orders: Reaper Expand 

Get SALT Encoding   

  12  0:00  SCV  
  13  0:12  SCV  
  14  0:16  Supply Depot  
  14  0:24  SCV  
  15  0:38  Barracks, SCV  
  15  0:42  Refinery  
  16  0:50  SCV  
  17  1:02  SCV  
  18  1:14  SCV  
  19  1:25  Reaper  
  20  1:26  Orbital Command  
  20  1:46  Command Center  
  20  1:52  SCV  
  21  1:57  Marine  
  21  2:01  Supply Depot  
  22  2:04  SCV  
  23  2:11  Bunker  
  23  2:18  Factory  
  23  2:22  SCV  
  24  2:23  Marine  
  25  2:34  SCV  
  24  2:40  Marine  
  25  2:45  Refinery  
  25  2:46  SCV  
  26  2:58  Marine, SCV  
  26  2:59  Orbital Command  
  26  3:03  Starport  
  26  3:05  Factory Tech Lab  
  28  3:11  SCV  
  29  3:18  Marine  
  30  3:23  SCV  
  30  3:27  Siege Tank  
  30  3:33  SCV  
  34  3:35  Marine, SCV  
  36  3:44  Medivac  
  36  3:46  SCV  
  36  3:47  SCV  
  40  3:57  Marine  
  40  3:59  SCV  
  40  4:00  Barracks  
  43  4:09  Siege Tank  
  45  4:10  Orbital Command  
  45  4:17  Supply Depot  
  45  4:21  Supply Depot, SCV  
  45  4:22  Barracks  
  45  4:23  Barracks Reactor  
  45  4:33  SCV  
  45  4:35  Engineering Bay  
  46  4:41  SCV, Bunker  
  46  4:45  SCV  
  48  4:54  SCV  
  48  4:57  SCV  
  40  5:01  Bunker  
Tags
 
Add a new tag
Caveats
  • Supply blocks, unpowered buildings, or Contaminate may cause inaccurate times.
  • Supply counts are checked every 10 seconds.